 Seeded DCSS version 0.31-a0-1597-ge7908ec (webtiles) character file.

Game seed: 6425746891301804789 (custom seed)

50999 lyrin the Slicer (level 14, -8/112 HPs)
             Began as a Pale Draconian Hexslinger on Jan 7, 2024.
             Was a High Priest of Hepliaklqana.
             Mangled by an ice devil (22 damage)
             ... in an ice cave.
             The game lasted 00:37:00 (20576 turns).

lyrin the Slicer (Pale Draconian Hexslinger)       Turns: 20576, Time: 00:37:00

Health: -8/112     AC: 23    Str: 12    XL:     14   Next: 21%
Magic:  21/21      EV: 16    Int: 14    God:    Hepliaklqana [*****.]
Gold:   1143       SH:  6    Dex: 20    Spells: 20/20 levels left

rFire   + + .        z - +4 rapier of Egas {protect, rF++ Dex+3 SInv}
rCold   . . .        G - +0 buckler
rNeg    . . .        (body armour unavailable)
rPois   +            r - +1 hat
rElec   .            P - +0 cloak {rPois}
rCorr   .            y - +0 pair of gloves
SInv    +            C - +0 pair of boots
Will    +....        A - amulet of magic regeneration
Stlth   +++++        t - +4 ring of slaying
HPRegen 0.38/turn    K - +4 ring of protection
MPRegen 0.57/turn

%: no passive effects
@: short of breath, under a protective aura, slowed, very slow
A: reduced essence, breathe steam, AC +8, unfitting armour, cold-blooded, steam
resistance
a: Breathe Steam, Renounce Religion, Recall Ancestor, Ancestor Identity,
Transference, Idealise


You were in an ice cave.
You worshipped Hepliaklqana.
Hepliaklqana was extremely pleased with you.
You visited 2 branches of the dungeon, and saw 16 of its levels.
You visited the Abyss 1 time.
You also visited: Gauntlet and Ice Cave.

You collected 1143 gold pieces.

Inventory:

Hand Weapons
 a - a +4 orcbow
 d - a +1 scimitar of flaming
 z - the +4 rapier of Egas (weapon) {protect, rF++ Dex+3 SInv}
   (You found it on level 8 of the Dungeon)

   Dex+3:     It affects your dexterity (+3).
   rF++:      It greatly protects you from fire.
   SInv:      It lets you see invisible.
Missiles
 g - 10 curare-tipped darts
 E - 2 throwing nets
Armour
 r - a +1 hat (worn)
 y - a +0 pair of gloves (worn)
 C - a +0 pair of boots (worn)
 G - a +0 buckler (worn)
 P - a +0 cloak of poison resistance (worn)
Jewellery
 t - a +4 ring of slaying (left hand)
 A - an amulet of magic regeneration (around neck)
 K - a +4 ring of protection (right hand)
 Q - a +6 ring of dexterity
Wands
 c - a wand of digging (8)
 n - a wand of mindburst (14)
 D - a wand of flame (5)
 O - a wand of charming (4)
Scrolls
 b - 5 scrolls of poison
 f - 6 scrolls of teleportation
 h - 3 scrolls of fog
 i - 3 scrolls of fear
 m - a scroll of vulnerability
 o - a scroll of noise
 p - 4 scrolls of enchant armour
 q - 4 scrolls of revelation
 u - 2 scrolls of blinking
 v - a scroll of summoning
 w - 2 scrolls of immolation
 x - 2 scrolls of amnesia
 F - a scroll of silence
 H - 4 scrolls of enchant weapon
 I - 2 scrolls of torment
 J - 2 scrolls of identify
Potions
 e - 2 potions of brilliance
 k - a potion of degeneration {unknown}
 l - 4 potions of enlightenment
 s - a potion of resistance
 B - a potion of invisibility
 L - 2 potions of cancellation
 M - 2 potions of attraction {unknown}
 N - a potion of ambrosia {unknown}


   Skills:
 + Level 11.6 Fighting
 - Level 14.5 Short Blades
 + Level 2.8 Ranged Weapons
 - Level 7.2 Dodging
 + Level 11.1 Stealth
 - Level 5.0 Shields
 * Level 3.8 Spellcasting
 + Level 3.1 Hexes
 + Level 1.1 Fire Magic
 - Level 10.0 Invocations
 - Level 1.2 Evocations


You had 20 spell levels left.
You didn't know any spells.
Your spell library contained the following spells:

 Spells                   Type           Power      Damage    Failure   Level
 Jinxbite                 Hex            22%        N/A       11%         2
 Sigil of Binding         Hex            11%        N/A       22%         3
 Apportation              Tloc           4%         N/A       26%         1
 Freeze                   Ice            8%         1d3       26%         1
 Inner Flame              Hex/Fire       8%         N/A       32%         3
 Dazzling Flash           Conj/Hex       14%        N/A       38%         3
 Volatile Blastmotes      Fire/Tloc      8%         2d10      52%         3
 Cause Fear               Hex            5%         N/A       56%         4
 Frozen Ramparts          Ice            4%         1d1       61%         3
 Hailstorm                Conj/Ice       2%         3d5       61%         3
 Dimensional Bullseye     Hex/Tloc       3%         N/A       80%         4
 Fulminant Prism          Conj/Alch      1%         3d5       95%         4
 Iskenderun's Mystic Bla  Conj/Tloc      2%         2d3       95%         4
 Alistair's Intoxication  Alch           1%         N/A       100%        5
 Starburst                Conj/Fire      2%         6d3       100%        6
 Maxwell's Capacitive Co  Air            1%         ∞         100%        8


Dungeon Overview and Level Annotations

Branches:
Dungeon (15/15)            Temple (0/1) D:7            Lair (0/5) D:8
    Orc (1/2) D:12         Vaults (0/5) D:14         Depths (0/4) D:15
  IceCv (1/1)             Gauntlet (visited)

Altars:
Cheibriados
Dithmenos
Elyvilon
Gozag
Hepliaklqana
Makhleb
Nemelex Xobeh
Okawaru
Ru
Sif Muna
Trog
Vehumet
Xom
Yredelemnul
The Shining One

Shops:
D:5 =   D:9 *

Annotations:
D:12 1 runed translucent door, NobodyHome's ghost, journeyman KoCA
D:14 Louise


Innate Abilities, Weirdness & Mutations

Your life essence is reduced to manifest your ancestor. (-10% HP)
You can breathe blasts of scalding, opaque steam.
Your pale cyan-grey scales are hard. (AC +8)
You cannot fit into any form of body armour.
You are cold-blooded and may be slowed by cold attacks.
You are immune to the effects of steam.


Message History

The ice devil is lightly wounded.
You hit the ice devil.
The ice devil is lightly wounded.
The ice devil closely misses you.
You hit the ice devil.
The ice devil is lightly wounded.
The ice devil hits you but does no damage.
You closely miss the ice devil.
The ice devil is lightly wounded.
You hit the ice devil.
You tail-slap the ice devil, but do no damage.
The ice devil is moderately wounded.
The ice devil hits you! The ice devil freezes you!
The death yak simulacrum gores you. The death yak simulacrum freezes you!!
You puncture the ice devil! You tail-slap the ice devil.
The ice devil is heavily wounded.
Unknown command.
You hit the death yak simulacrum.
The death yak simulacrum is lightly damaged.
The ice devil misses you.
Unknown command.
You puncture the death yak simulacrum! You tail-slap the death yak simulacrum.
The death yak simulacrum is heavily damaged.
The death yak simulacrum gores you! The death yak simulacrum freezes you!!
You feel yourself slow down.
* * * LOW HITPOINT WARNING * * *
Unknown command.
Okay, then.
Aiming: Breathe Steam (1% risk of failure)
Press: ? - help, Shift-Dir - straight line You exhale a blast of scalding steam.
The ball of steam hits the death yak simulacrum!
The death yak simulacrum is almost destroyed.
The ice devil hits you but does no damage.
The death yak simulacrum is engulfed in a cloud of scalding steam.
The death yak simulacrum vaporises!
The ice devil hits you.
* * * LOW HITPOINT WARNING * * *
The ice devil freezes you!!
You die...

##### ##...##
##.....##
#...∩...#
#...∩...#
##.....##
##...## #..@##
##☼4.# ##§..#
#§..## #§..#
#.....#
#..........
.............
.............#


You could see an ice devil.

Vanquished Creatures
  Gastronok (D:10)
  Agnes (D:14)
  A starcursed mass (Abyss:2)
  A great orb of eyes (Abyss:3)
  A hydra (D:13)
  2 ogre magi
  4 boulder beetles
  9 two-headed ogres
  A dancing weapon (Abyss:3)
  A tengu warrior (D:13)
  Amaemon (D:10)
  A soul eater (Gauntlet)
  Sonja (D:10)
  A wretched star (Abyss:2)
  A fire crab (Gauntlet)
  2 large abominations (Abyss:3)
  4 skeletal warriors
  An orc knight (D:14)
  3 deep elf pyromancers
  3 manticores
  9 ugly things
  A worldbinder (Abyss:3)
  A cyclops (D:15)
  A toenail golem (Abyss:3)
  A smoke demon (Abyss:2)
  A black mamba (shapeshifter) (D:14)
  A gargoyle (D:11)
  Maggie (D:6)
  An orange demon (D:9)
  An unseen horror (D:10)
  An efreet (D:15)
  A freezing wraith (D:14)
  4 centaur skeletons (D:14)
  A kobold demonologist (D:12)
  A tengu conjurer (D:13)
  6 trolls
  Grinder (D:3)
  A raiju (D:12)
  2 hornets
  2 blink frogs (Abyss:3)
  4 slime creatures (D:12)
  10 yaks
  3 fire bats (Gauntlet)
  5 wraiths
  A wyvern (D:9)
  A water elemental (Abyss:3)
  A warg (Orc:1)
  Grum (D:11)
  A basilisk (D:15)
  2 steam dragons
  3 vampire mosquitoes (D:12)
  A death yak simulacrum (IceCv)
  2 acid dragons
  2 hell hounds (Gauntlet)
  2 water moccasins
  An ice beast (D:5)
  6 orc warriors
  A small abomination (Abyss:3)
  2 wolves
  4 boggarts (D:14)
  9 ogres
  2 centaurs
  5 kobold brigands
  A phantom (D:6)
  2 gnoll sergeants
  2 bullfrogs
  4 scorpions
  A hornet simulacrum (D:14)
  7 killer bees (D:11)
  A howler monkey (D:12)
  7 electric eels (D:8)
  A crimson imp (D:4)
  A quasit (Abyss:3)
  A hound (D:6)
  9 orc priests
  A jelly (D:7)
  A gnoll bouda (D:8)
  2 sleepcaps
  Ijyb (D:2)
  13 orc wizards
  4 iguanas
  A troll simulacrum (IceCv)
  A spriggan simulacrum (IceCv)
  23 gnolls
  8 adders
  5 shadow imps
  6 white imps
  6 ufetubi
  4 dart slugs
  2 ribbon worms
  40 orcs
  5 bats
  6 endoplasms
  A giant cockroach (D:2)
  7 goblins
  4 hobgoblins
  2 jackals (D:1)
  6 quokkas
  7 ball pythons
  4 frilled lizards
  10 kobolds
  5 rats
359 creatures vanquished.

Vanquished Creatures (collateral kills)
  A minotaur (Gauntlet)
  Josephine (D:11)
  A tengu warrior (D:13)
  A vampire mage (Abyss:3)
  A glowing orange brain (Abyss:3)
  A deep elf pyromancer (D:15)
  A cyclops (D:12)
  A worldbinder (Abyss:3)
  2 ugly things (D:14)
  A meliai (shapeshifter) (Abyss:3)
  An orange demon (D:12)
  A kobold demonologist (D:12)
  An ice devil (Gauntlet)
  2 trolls
  A slime creature (D:12)
  A wraith (D:11)
  A fire bat (D:12)
  A yak (D:11)
  An orc warrior (D:12)
  A hell hound (D:12)
  2 wolves (D:11)
  2 kobold brigands (D:12)
  A gnoll sergeant (D:10)
  A killer bee (D:11)
  An orc priest (D:14)
  2 gnolls (D:10)
  2 orcs
  2 kobolds (D:12)
35 creatures vanquished.

Vanquished Creatures (others)
  A boggart (D:14)
  14 hexers
  An ancestor (D:8)
16 creatures vanquished.

Grand Total: 410 creatures vanquished

Notes
Turn   | Place    | Note
-------+----------+-------------------------------------------
     0 | D:1      | lyrin the Draconian Hexslinger began the quest for the Orb.
     0 | D:1      | Reached XP level 1. HP: 16/16 MP: 2/2
    99 | D:1      | Found a faded altar of an unknown god.
   128 | D:1      | Reached XP level 2. HP: 4/23 MP: 3/3
  1097 | D:1      | You fall into a shaft and drop 1 floor!
  1474 | D:1      | Reached XP level 3. HP: 22/28 MP: 4/4
  2207 | D:3      | Reached skill level 1 in Stealth
  2254 | D:3      | Reached skill level 1 in Short Blades
  2257 | D:3      | Reached XP level 4. HP: 34/36 MP: 5/5
  2290 | D:3      | Noticed Ijyb
  2596 | D:2      | Killed Ijyb
  2936 | D:3      | Noticed Grinder
  3148 | D:3      | Killed Grinder
  3149 | D:3      | Reached skill level 3 in Short Blades
  3149 | D:3      | Reached XP level 5. HP: 23/42 MP: 6/6
  3149 | D:3      | Reached XP level 6. HP: 27/49 MP: 7/7
  3458 | D:3      | Found an opulent altar of Gozag.
  3458 | D:3      | Found a bloodstained altar of Trog.
  3465 | D:3      | Found a glowing golden altar of the Shining One.
  3467 | D:3      | Found a faded altar of an unknown god.
  3469 | D:3      | Found a faded altar of an unknown god.
  3800 | D:4      | Reached skill level 4 in Short Blades
  3948 | D:4      | Your scales start taking on a pale cyan-grey colour.
  3948 | D:4      | Reached XP level 7. HP: 56/56 MP: 8/8
  3948 | D:4      | Gained mutation: You are immune to the effects of steam.
                  | [Pale Draconian growth]
  4001 | D:4      | Found a radiant altar of Vehumet.
  4001 | D:4      | Found a burning altar of Makhleb.
  4325 | D:4      | Reached skill level 5 in Short Blades
  4616 | D:5      | Entered Level 5 of the Dungeon
  4660 | D:5      | Found a white marble altar of Elyvilon.
  4791 | D:5      | Found a basalt altar of Yredelemnul.
  4929 | D:5      | Reached XP level 8. HP: 50/66 MP: 9/9
  5040 | D:5      | Found Riqeb's Jewellery Shoppe.
  5120 | D:5      | Reached skill level 6 in Short Blades
  5889 | D:6      | Noticed Maggie
  5916 | D:6      | Killed Maggie
  5917 | D:6      | Reached skill level 5 in Fighting
  5917 | D:6      | Reached skill level 7 in Short Blades
  5917 | D:6      | Reached skill level 5 in Dodging
  5917 | D:6      | Reached skill level 1 in Evocations
  6148 | D:6      | Reached XP level 9. HP: 67/74 MP: 10/10
  6556 | D:7      | Found an iron altar of Okawaru.
  6564 | D:7      | Found a shadowy altar of Dithmenos.
  6569 | D:7      | Found a hazy altar of Hepliaklqana.
  6576 | D:7      | Found a sacrificial altar of Ru.
  6582 | D:7      | Found a shimmering blue altar of Sif Muna.
  6589 | D:7      | Found a sparkling altar of Nemelex Xobeh.
  6594 | D:7      | Found a snail-covered altar of Cheibriados.
  6652 | D:7      | Became a worshipper of Hepliaklqana the Forgotten
  6942 | D:7      | Found a staircase to the Ecumenical Temple.
  7391 | D:7      | Reached skill level 1 in Invocations
  7610 | D:7      | Reached skill level 8 in Short Blades
  7797 | D:8      | Identified the +4 rapier of Egas {protect, rF++ Dex+3 SInv}
  7837 | D:8      | Found a staircase to the Lair.
  8364 | D:8      | Reached * piety under Hepliaklqana
  8873 | D:8      | Reached skill level 9 in Short Blades
  8884 | D:8      | Reached XP level 10. HP: 51/75 MP: 12/12
  9145 | D:9      | Found a shimmering altar of Xom.
  9353 | D:9      | Found Xivakueng's Elemental Accessories.
  9439 | D:9      | Reached ** piety under Hepliaklqana
 10268 | D:10     | Entered Level 10 of the Dungeon
 10306 | D:10     | Reached skill level 10 in Short Blades
 10391 | D:10     | Remembered your ancestor Citlalmina as a hexer
 10501 | D:10     | Noticed Gastronok
 10530 | D:10     | Killed Gastronok
 10531 | D:10     | Reached skill level 5 in Stealth
 10531 | D:10     | Reached skill level 5 in Invocations
 10590 | D:10     | Noticed an orange demon
 10591 | D:10     | Noticed Amaemon
 10629 | D:9      | Killed an orange demon
 10733 | D:10     | Reached *** piety under Hepliaklqana
 10832 | D:10     | Noticed Sonja
 10855 | D:10     | Killed Sonja
 10856 | D:10     | Reached XP level 11. HP: 21/82 MP: 15/15
 11071 | D:10     | Killed Amaemon
 11483 | D:11     | Reached skill level 11 in Short Blades
 12271 | D:11     | Noticed Josephine
 12273 | D:11     | Noticed Grum
 12617 | D:11     | Killed Josephine
 12618 | D:11     | Reached skill level 1 in Shields
 12620 | D:11     | Killed Grum
 13157 | D:12     | Reached **** piety under Hepliaklqana
 13558 | D:12     | Found a runed translucent door.
 13558 | D:12     | Found a shimmering altar of Xom.
 13558 | D:12     | Identified the +3 halberd "Rosonkir" {chaos, rCorr Int+3}
 13558 | D:12     | Noticed a +3 halberd "Rosonkir" {chaos, rCorr Int+3}
 13558 | D:12     | Noticed NobodyHome's ghost (journeyman KoCA)
 13651 | D:12     | Reached skill level 12 in Short Blades
 13955 | D:12     | Noticed a deep elf pyromancer
 13962 | D:12     | Killed a deep elf pyromancer
 13963 | D:12     | Reached XP level 12. HP: 92/92 MP: 17/17
 13976 | D:12     | Noticed a two-headed ogre
 13985 | D:12     | Killed a two-headed ogre
 14022 | D:12     | Found a staircase to the Orcish Mines.
 14148 | D:12     | Found a shimmering altar of Xom.
 14393 | D:13     | Noticed a boulder beetle
 14409 | D:13     | Killed a boulder beetle
 14566 | D:13     | Noticed a two-headed ogre
 14572 | D:13     | Killed a two-headed ogre
 14761 | D:13     | Noticed a boulder beetle
 14766 | D:13     | Killed a boulder beetle
 14769 | D:13     | Noticed a tengu warrior
 14775 | D:13     | Killed a tengu warrior
 14826 | D:13     | Noticed a two-headed ogre
 14833 | D:13     | Killed a two-headed ogre
 14881 | D:13     | Noticed a seven-headed hydra
 14898 | D:13     | Killed a seven-headed hydra
 14899 | D:13     | Reached skill level 13 in Short Blades
 15145 | D:13     | Reached ***** piety under Hepliaklqana
 15273 | D:13     | Noticed a tengu warrior
 15291 | D:13     | Killed a tengu warrior
 16010 | D:14     | Noticed Louise
 16220 | Abyss:2  | Cast into level 2 of the Abyss (Louise)
 16272 | Abyss:2  | Noticed a green very ugly thing
 16292 | Abyss:2  | Found a corrupted altar of Lugonu.
 16316 | Abyss:2  | Found a corrupted altar of Lugonu.
 16323 | Abyss:2  | Noticed an angel
 16587 | Abyss:2  | Noticed a starcursed mass
 16609 | Abyss:2  | Killed a starcursed mass
 16610 | Abyss:2  | Reached XP level 13. HP: 53/99 MP: 18/20
 16950 | Abyss:3  | Reached skill level 5 in Shields
 16956 | Abyss:3  | Found a corrupted altar of Lugonu.
 16980 | Abyss:3  | Noticed a starcursed mass
 16998 | Abyss:3  | Noticed a green very ugly thing
 17243 | D:14     | Escaped the Abyss
 17294 | D:14     | Reached skill level 14 in Short Blades
 17696 | D:14     | Noticed Agnes
 17709 | D:14     | Killed Agnes
 17710 | D:14     | Reached skill level 10 in Fighting
 17871 | D:14     | Found a gate to the Vaults.
 17873 | D:14     | Reached skill level 10 in Invocations
 18236 | D:14     | Reached skill level 10 in Stealth
 18486 | D:15     | Entered Level 15 of the Dungeon
 18561 | D:15     | Found a gate leading to a gauntlet.
 18662 | Gauntlet | Entered a Gauntlet
 18662 | Gauntlet | Found a transporter.
 18662 | Gauntlet | Found a transporter.
 18662 | Gauntlet | Found a transporter.
 18663 | Gauntlet | Found a transporter.
 18664 | Gauntlet | Found a transporter.
 18667 | Gauntlet | Found a transporter.
 18674 | Gauntlet | Found a transporter.
 18675 | Gauntlet | Found a transporter.
 18676 | Gauntlet | Found a transporter.
 18678 | Gauntlet | Found a transporter.
 18686 | Gauntlet | Found a transporter.
 18686 | Gauntlet | Found a transporter.
 19183 | Gauntlet | Reached XP level 14. HP: 68/111 MP: 21/21
 19904 | D:15     | Found a staircase to the Depths.
 19904 | D:15     | Noticed a stone giant
 20352 | Orc:1    | Entered Level 1 of the Orcish Mines
 20367 | Orc:1    | Found a frozen archway.
 20388 | IceCv    | Entered an ice cave
 20576 | IceCv    | Mangled by an ice devil

Illustrated notes

Levels and vault maps discovered:
D:1:      beargit_arrival_diablo_church, layout_basic,
          shapermc_ecumenical_altar_venn
D:2:      layout_loops_ring, minmay_misc_feat_pillars
D:3:      layout_rooms, chequers_temple_overflow_minitemple, uniq_ijyb,
          uniq_grinder
D:4:      layout_loops_cross, grunt_temple_overflow_lords_of_destruction,
          serial_demonic, serial_demonic_f, serial_demonic_d, serial_demonic_a,
          serial_demonic_c
D:5:      layout_rooms, kennysheep_ying_yang, serial_shops, shop
D:6:      layout_gridville, uniq_maggie
D:7:      layout_loops_ring, grunt_temple_overflow_octagram,
          minmay_temple_entry_junction
D:8:      layout_basic, dpeg_oklobed_lair, serial_bayou, serial_bayou_ford_a,
          serial_bayou_lagoon_b, serial_bayou_lagoon_a, serial_bayou_pond_d
D:9:      layout_basic, mainiacjoe_overflow_chevrons, nicolae_elemental_shop
D:10:     layout_irregular_city, uniq_amaemon, uniq_sonja, uniq_gastronok
D:11:     layout_loops_corners, eino_jars, uniq_grum, uniq_josephine
D:12:     layout_long_grid, kennysheep_orc_monster_closet_entryway,
          ebering_ghost_xom, minmay_parallelograms, regret_index_xom_of_box
D:13:     layout_gridville
D:14:     layout_basic, hangedman_vaults_entry_quadrant_bands, uniq_louise,
          uniq_agnes
D:15:     grunt_enter_depths_giant_problem, layout_basic, gauntlet_entry_generic
Orc:1:    layout_caves, portal_ice_cave_entry_pillars_2, lemuel_statue_altar
IceCv:    ice_cave_tombish

Skill      XL: |  1  2  3  4  5  6  7  8  9 10 11 12 13 14 |
---------------+-------------------------------------------+-----
Ranged Weapons | 2 |  2.8
Hexes          | 3 |  3.1
Dodging        | 2 3 5 6 7 |  7.2
Stealth        | 1 2 3 4 5 7 8 10 11 | 11.1
Short Blades   | 1 3 4 5 7 9 10 12 13 14 | 14.5
Fighting       | 2 3 5 6 7 8 9 11 | 11.6
Evocations     | 1 |  1.2
Invocations    | 3 5 7 9 10 | 10.0
Shields        | 3 4 5 |  5.0
Spellcasting   | 3 |  3.8
Fire Magic     | |  1.1

Action                     |  1- 3 |  4- 6 |  7- 9 | 10-12 | 13-15 || total
---------------------------+-------+-------+-------+-------+-------++-------
  Melee: Dagger            |    92 |   110 |   236 |       |       ||   438
         Tailslap          |    14 |    18 |    60 |   107 |   103 ||   302
         Rapier            |       |       |    65 |   518 |   489 ||  1072
         Punch             |       |       |     1 |     3 |       ||     4
   Fire: Sling             |    27 |       |       |       |       ||    27
 Invoke: Ancestor Life: He |       |       |       |     1 |       ||     1
         Idealise          |       |       |       |       |     2 ||     2
         Recall Ancestor   |       |       |       |       |     1 ||     1
Ability: Breathe Steam     |       |       |     9 |    16 |    10 ||    35
  Evoke: Wand              |       |     3 |     5 |     2 |       ||    10
    Use: Scroll            |       |       |     5 |    13 |     5 ||    23
         Potion            |       |       |     4 |     3 |     1 ||     8
   Stab: Sleeping          |     3 |     1 |     3 |     5 |     6 ||    18
         Distracted        |       |       |     1 |    12 |     9 ||    22
         Confused          |       |       |       |    12 |     5 ||    17
 Armour: Skin              |    42 |    51 |   136 |   272 |   196 ||   697
  Dodge: Dodged            |    54 |    59 |   104 |   343 |   192 ||   752
  Block: Buckler           |       |       |       |    91 |    82 ||   173

Table legend: (Time is in decaauts)
 A = Elapsed time spent in this place.
 B = Non-inter-level travel time spent in this place.
 C = Inter-level travel time spent in this place.
 D = Time resting spent in this place.
 E = Time spent auto-exploring this place.
 F = Levels seen in this place.
 G = Mean time per level.
                   A        B        C        D        E       F      G
               +--------+--------+--------+--------+--------+-----+--------+
         Total |  20084 |  19515 |    569 |   4617 |  11217 |  20 | 1004.2 |
       Dungeon |  18038 |  17469 |    569 |   3608 |  10841 |  15 | 1202.5 |
  Orcish Mines |     32 |     32 |      0 |      0 |     10 |   1 |   32.0 |
         Abyss |    962 |    962 |      0 |    617 |     20 |   2 |  481.0 |
      Ice Cave |    181 |    181 |      0 |    153 |      4 |   1 |  181.0 |
      Gauntlet |    870 |    870 |      0 |    238 |    342 |   1 |  870.0 |
               +--------+--------+--------+--------+--------+-----+--------+

Top non-repeatable levels by time:
    D:14: 1635 daAuts
     D:8: 1490 daAuts
     D:1: 1465 daAuts
    D:11: 1388 daAuts
    D:13: 1348 daAuts
     D:2: 1286 daAuts
     D:9: 1285 daAuts
    D:10: 1283 daAuts
     D:7: 1251 daAuts
    D:12: 1247 daAuts
     D:6: 1105 daAuts
     D:4: 1028 daAuts
Gauntlet: 870 daAuts
    D:15: 850 daAuts
     D:3: 761 daAuts
